AoeStats
← Wenneshow

QS Arena

503625660Analyzed
3v3 RM · 29d ago on Sep 1, 2026· 42m 31s· 6 players
Game mode
Random Map
Map size
Normal (6 player)
Population
200
Speed
Normal
Resources
Standard
Victory
Conquest
Starting age
Dark Age
Ending age
Imperial Age
RankedLock teamsTeams togetherTeam positionsShared explorationLock speedFull tech treeHidden civsTurbo modeCheats
Victory
Defeat
🇸🇪 Hindustanis · Sweden
1187
+13
🇷🇺 Saracens · Russia
1150
+14
🇦🇺 Romans · Australia
1075
+18
🇮🇳 Magyars · India
1123
-15
🇮🇳 Aztecs · India
1115
-15
🇮🇳 Romans · India
1097
-14
Wenneshow
8:24 Feudal Age
12:34 Castle Age
10:37 Double-Bit Axe
11:24 Horse Collar
12:45 Stone Mining
13:09 Loom
13:30 Scale Mail Armor
13:55 Bow Saw
15:22 Chain Mail Armor
16:44 Squires
17:50 Forging
25:12 Wheelbarrow
24:23 Town Watch
26:04 Heavy Plow
27:55 Hand Cart
31:35 Imperial Age
29:31 Forging
30:44 Grand Trunk Road
32:20 Ballistics
33:20 Chemistry
32:23 Padded Archer Armor
32:49 Murder Holes
33:26 Conscription
33:31 Masonry
33:59 Hoardings
36:18 Gold Mining
37:30 Two-Man Saw
37:33 Ballistics
38:40 Fletching
38:56 Scale Barding Armor
39:29 Bloodlines
39:20 Husbandry
38:41 Light Cavalry
39:53 Bodkin Arrow
39:37 Hussar
ExeQt0r
7:28 Feudal Age
11:13 Castle Age
10:18 Double-Bit Axe
10:14 Horse Collar
11:38 Wheelbarrow
19:07 Bow Saw
19:18 Heavy Plow
21:32 Stone Mining
22:56 Gold Mining
25:16 Gold Shaft Mining
24:28 Loom
24:28 Town Watch
24:59 Hand Cart
29:07 Imperial Age
27:07 Scale Barding Armor
27:12 Forging
27:30 Bloodlines
27:25 Husbandry
28:26 Chain Barding Armor
29:13 Iron Casting
29:12 Elite Mameluke
30:57 Plate Barding Armor
30:45 Conscription
33:17 Fletching
34:29 Siege Engineers
35:25 Chemistry
34:54 Ballistics
38:22 Counterweights
40:09 Blast Furnace
38:59 Fletching
40:20 Town Patrol
40:05 Treadmill Crane
40:36 Masonry
deVera3138
9:35 Feudal Age
10:29 Double-Bit Axe
15:36 Castle Age
14:07 Horse Collar
15:09 Man-at-Arms
16:25 Heavy Plow
17:07 Scale Mail Armor
17:58 Wheelbarrow
18:31 Wheelbarrow
18:47 Bow Saw
19:14 Chain Mail Armor
19:25 Gold Mining
19:25 Stone Mining
19:34 Stone Mining
21:48 Gold Mining
21:24 Long Swordsman
22:06 Squires
25:11 Hand Cart
25:39 Ballistics
26:37 Forging
39:31 Imperial Age
39:23 Iron Casting
38:38 Town Watch
39:47 Legionary
41:55 Gold Shaft Mining
41:16 Heavy Scorpion
GuptasLegacy
9:00 Feudal Age
11:20 Horse Collar
11:27 Double-Bit Axe
16:32 Castle Age
14:37 Gold Mining
18:09 Bow Saw
18:21 Heavy Plow
21:48 Town Watch
21:53 Loom
22:44 Wheelbarrow
23:13 Town Patrol
Shanu
2:41 Loom
8:35 Feudal Age
9:07 Horse Collar
15:17 Castle Age
14:33 Man-at-Arms
14:59 Arson
18:27 Long Swordsman
24:01 Scale Mail Armor
24:20 Pikeman
31:45 Town Watch
32:35 Wheelbarrow
kundan
2:26 Loom
8:01 Feudal Age
14:03 Castle Age
13:19 Double-Bit Axe
13:42 Horse Collar
13:56 Stone Mining
15:31 Bow Saw
20:13 Wheelbarrow
21:43 Hand Cart
23:41 Heavy Plow
28:33 Imperial Age
27:12 Gold Mining
27:54 Ballistics
27:45 Fortified Wall
27:54 Scale Mail Armor
28:05 Forging
29:09 Gold Shaft Mining
28:38 Squires
27:59 Pikeman
29:03 Ballistas
31:54 Chemistry
32:08 Chain Mail Armor
32:29 Iron Casting
31:37 Heavy Scorpion
33:24 Siege Engineers
32:50 Halberdier
33:13 Capped Ram
34:42 Siege Ram
Connection lost

Rejoining the realm…

Still unreachable

The connection could not be restored.

Session expired

The server has moved on; the page needs a fresh start.